 Dungeon Sprint DCSS version 0.30.0-20-g3b4254fcbd (webtiles) character file.

Game seed: 17210667934323085780

6600000 Revguard the Conqueror (level 25, -30/257 HPs)
             Began as a Ghoul Gladiator on June 2, 2023.
             Was the Champion of Makhleb.
             Annihilated by a meat berserker
             ... wielding a +9 battleaxe
              (33 damage)
             ... in the Dungeon (Sprint VIII: "Arena of Blood").
             The game lasted 00:06:08 (66 turns).

Revguard the Conqueror (Ghoul Gladiator)              Turns: 66, Time: 00:06:09

Health: -30/257    AC:  8    Str: 22    XL:     25   Next: 66%
Magic:  13/53      EV: 30    Int:  3    God:    Makhleb [******]
Gold:   0          SH:  0    Dex: 18    Spells: 78/78 levels left

rFire   . . .        k - +∞ Axe of Woe
rCold   + . .        (shield currently unavailable)
rNeg    + + +        b - +0 leather armour
rPois   ∞            c - +0 helmet
rElec   .            (no cloak)
rCorr   .            (no gloves)
SInv    .            (no boots)
Will    +....        (no amulet)
Stlth   +++++++++    l - +200 ring of slaying
HPRegen 0.00/turn    m - +200 ring of slaying
MPRegen 0.33/turn

%: no teleportation
@: inhibited regen
A: claws 1, cold resistance 1, negative energy resistance 3, inhibited
regeneration, torment resistance 2, devour on kill
a: Renounce Religion, Minor Destruction, Lesser Servant of Makhleb, Major
Destruction, Greater Servant of Makhleb


You were in the Dungeon.
You worshipped Makhleb.
Makhleb was exalted by your worship.
You visited 1 branch

Inventory:

Hand Weapons
 a - a +0 war axe
 k - the +∞ Axe of Woe (weapon)
   (You found it in the Dungeon)
Missiles
 d - 3 throwing nets (quivered)
 e - a javelin
Armour
 b - a +0 leather armour (worn)
 c - a +0 helmet (worn)
Jewellery
 l - a +200 ring of slaying (left claw)
 m - a +200 ring of slaying (right claw)
Scrolls
 j - a scroll of blinking
Potions
 f - a potion of curing
 g - a potion of heal wounds
 h - a potion of haste
 i - 2 potions of magic


   Skills:
 O Level 27 Fighting
 + Level 17.1(19.9) Short Blades
 + Level 17.2(20.0) Long Blades
 O Level 27 Axes
 + Level 17.1 Staves
 + Level 17.1 Ranged Weapons
 + Level 17.2 Throwing
 O Level 27 Armour
 O Level 27 Dodging
 O Level 27 Stealth
 + Level 17.1 Shields
 O Level 27 Unarmed Combat
 O Level 27 Spellcasting
 + Level 15.7 Conjurations
 + Level 15.7 Hexes
 + Level 17.0 Summonings
 + Level 18.5 Necromancy
 + Level 17.1 Translocations
 + Level 17.1 Transmutations
 + Level 15.8 Fire Magic
 + Level 20.1 Ice Magic
 + Level 15.8 Air Magic
 + Level 19.9 Earth Magic
 + Level 18.6 Poison Magic
 O Level 27 Invocations
 + Level 17.1 Evocations


You had 78 spell levels left.
You didn't know any spells.
Your spell library was empty.

Dungeon Overview and Level Annotations

Branches:
Dungeon (1/1)

Altars:
Makhleb


Innate Abilities, Weirdness & Mutations

You are immune to poison.
You have sharp fingernails.
Your flesh is cold resistant. (rC+)
You are immune to negative energy. (rN+++)
You do not regenerate when monsters are visible.
You are immune to unholy pain and torment.
You thrive by killing the living.


Message History

Unknown command.
You dice the meat berserker like an onion!!!!!!
You slaughter the meat berserker joyfully.
You kill the meat berserker!
Makhleb accepts your kill.
You feel better.
The tentacled monstrosity disappears in a puff of smoke!
You hear a shout! x6
The destroyer gestures at you while chanting.
The destroyer blinks!
You hear a shout! x3
The tyrant gestures wildly while chanting.
The tyrant seems to speed up.
You hear a shout!
The accursed casts a spell at you. Something smites you!
You hear a shout! x2
Your base Short Blades skill increases to level 17!
Your base Long Blades skill increases to level 17!
Your Staves skill increases to level 17!
Your Ranged Weapons skill increases to level 17!
Your Throwing skill increases to level 17!
Your Shields skill increases to level 17!
Your Summonings skill increases to level 17!
Your Translocations skill increases to level 17!
Your Transmutations skill increases to level 17!
Your Ice Magic skill increases to level 20!
Your Evocations skill increases to level 17!
A demon appears!
You hear a shout! x6
The accursed casts a spell at you. Something smites you!
The destroyer points at you and mumbles some strange words.
The destroyer blinks!
The destroyer hits you with a +9 heavy great sword!!!!!
Ouch! That really hurt!
* * * LOW HITPOINT WARNING * * *
The destroyer bites you but does no damage.
The meat berserker hits you with a +9 battleaxe!!
You die...

.. ... #.. ...#
#... ...# .
...###... ...###...
........###.V......
#........_.........
......#..)))#......
......#_.2)_# ....o
......#.VW)@#..V...
#......))_)OV.XLXXX
.......)###)o.ML.X.
...###.)).oV.###V§.
. #.......# ..
#...o...#
..o...M...
...........
.o.........


You could see 2 accurseds, a tentacled monstrosity (summoned), 2 tyrants, 5
destroyers, 4 large abominations, a dread (ally target), a meat berserker
(berserk), 3 bags of meat and a friendly green death (summoned).

Vanquished Creatures
  10 vampire knights (D)
  19 ogres (D)
  3 two-headed ogres (D)
  2 liches (D)
  34 orcs (D)
  2 skeletal warriors (D)
70 creatures vanquished.

Notes
Turn   | Place    | Note
-------+----------+-------------------------------------------
     0 | D        | Found the +∞ Axe of Woe
     0 | D        | Revguard the Ghoul Gladiator began the quest for the Orb.
     0 | D        | Reached XP level 1. HP: 17/17 MP: 0/0
     1 | D        | Noticed a bag of meat
     3 | D        | Became a worshipper of Makhleb the Destroyer
     3 | D        | Noticed a bag of meat
     4 | D        | Noticed a bag of meat
     4 | D        | Noticed a bag of meat
     4 | D        | Noticed a bag of meat
     5 | D        | Noticed a bag of meat
     5 | D        | Noticed a meat berserker
     5 | D        | Noticed a bag of meat
     7 | D        | Noticed a meat berserker
     7 | D        | Noticed a bag of meat
     7 | D        | Noticed a bag of meat
     8 | D        | Killed a bag of meat
     8 | D        | Noticed a bag of meat
     9 | D        | Reached skill level 10 in Armour
     9 | D        | Reached XP level 2. HP: 44/44 MP: 0/8
     9 | D        | Reached XP level 3. HP: 50/50 MP: 0/9
     9 | D        | Reached XP level 4. HP: 58/58 MP: 0/11
     9 | D        | Reached XP level 5. HP: 64/64 MP: 0/12
     9 | D        | Reached XP level 6. HP: 72/72 MP: 0/14
     9 | D        | Reached XP level 7. HP: 79/79 MP: 0/15
     9 | D        | Reached XP level 8. HP: 86/86 MP: 0/16
     9 | D        | Reached XP level 9. HP: 93/93 MP: 0/17
     9 | D        | Reached XP level 10. HP: 101/101 MP: 0/18
     9 | D        | Reached XP level 11. HP: 107/107 MP: 0/19
     9 | D        | Killed a meat berserker
     9 | D        | Reached * piety under Makhleb
     9 | D        | Killed a meat berserker
     9 | D        | Noticed a bag of meat
     9 | D        | Noticed a bag of meat
     9 | D        | Noticed a bag of meat
    10 | D        | Reached skill level 15 in Axes
    10 | D        | Reached skill level 15 in Armour
    10 | D        | Reached skill level 15 in Dodging
    10 | D        | Reached XP level 12. HP: 127/127 MP: 0/24
    10 | D        | Reached XP level 13. HP: 134/134 MP: 0/25
    10 | D        | Noticed a meat berserker
    10 | D        | Killed a bag of meat
    10 | D        | Killed a bag of meat
    10 | D        | Reached ** piety under Makhleb
    10 | D        | Noticed a meat berserker
    11 | D        | Reached XP level 14. HP: 146/146 MP: 0/26
    11 | D        | Killed a bag of meat
    11 | D        | Killed a bag of meat
    11 | D        | Noticed a meat berserker
    12 | D        | Reached XP level 15. HP: 157/157 MP: 0/28
    12 | D        | Reached *** piety under Makhleb
    13 | D        | Killed a meat berserker
    13 | D        | Reached **** piety under Makhleb
    14 | D        | Reached XP level 16. HP: 137/173 MP: 1/30
    15 | D        | Killed a meat berserker
    15 | D        | Reached ***** piety under Makhleb
    15 | D        | Noticed a meat berserker
    16 | D        | Reached XP level 17. HP: 185/185 MP: 1/32
    16 | D        | Killed a meat berserker
    19 | D        | Reached skill level 27 in Fighting
    19 | D        | Noticed a meat berserker
    19 | D        | Noticed a meat berserker
    20 | D        | Killed a meat berserker
    21 | D        | Reached skill level 27 in Invocations
    21 | D        | Reached XP level 18. HP: 200/200 MP: 2/34
    21 | D        | Noticed a meat berserker
    21 | D        | Noticed a destroyer
    21 | D        | Noticed a large bag of meat
    21 | D        | Noticed a meat berserker
    22 | D        | Noticed a meat berserker
    23 | D        | Killed a meat berserker
    23 | D        | Noticed a large bag of meat
    24 | D        | Killed a meat berserker
    24 | D        | Noticed a large bag of meat
    25 | D        | Reached skill level 27 in Axes
    25 | D        | Reached skill level 27 in Armour
    25 | D        | Reached skill level 27 in Dodging
    25 | D        | Noticed a destroyer
    25 | D        | Noticed a meat berserker
    26 | D        | Killed a destroyer
    26 | D        | Noticed a destroyer
    26 | D        | Noticed a meat berserker
    26 | D        | Noticed a meat berserker
    27 | D        | Reached XP level 19. HP: 133/207 MP: 3/35
    27 | D        | Killed a meat berserker
    28 | D        | Reached skill level 15 in Unarmed Combat
    28 | D        | Killed a meat berserker
    28 | D        | Reached ****** piety under Makhleb
    28 | D        | Killed a meat berserker
    30 | D        | Killed a destroyer
    31 | D        | Reached skill level 27 in Stealth
    31 | D        | Reached XP level 20. HP: 216/216 MP: 4/43
    31 | D        | Killed a meat berserker
    31 | D        | Killed a meat berserker
    32 | D        | Reached skill level 27 in Unarmed Combat
    32 | D        | Reached XP level 21. HP: 224/224 MP: 4/49
    32 | D        | Killed a meat berserker
    33 | D        | Reached skill level 27 in Spellcasting
    33 | D        | Killed a large bag of meat
    33 | D        | Noticed a destroyer
    34 | D        | Reached skill level 5 in Short Blades
    34 | D        | Reached skill level 5 in Long Blades
    34 | D        | Reached skill level 5 in Staves
    34 | D        | Reached skill level 5 in Throwing
    34 | D        | Reached skill level 5 in Shields
    34 | D        | Reached skill level 5 in Summonings
    34 | D        | Reached skill level 5 in Necromancy
    34 | D        | Reached skill level 5 in Translocations
    34 | D        | Reached skill level 5 in Transmutations
    34 | D        | Reached skill level 5 in Poison Magic
    34 | D        | Reached skill level 5 in Evocations
    34 | D        | Noticed a destroyer
    34 | D        | Killed a large bag of meat
    34 | D        | Killed a large bag of meat
    35 | D        | Reached XP level 22. HP: 159/233 MP: 5/52
    36 | D        | Killed a destroyer
    37 | D        | Reached skill level 10 in Ice Magic
    37 | D        | Reached skill level 10 in Earth Magic
    37 | D        | Noticed a destroyer
    38 | D        | Killed a destroyer
    39 | D        | Reached skill level 10 in Throwing
    39 | D        | Reached skill level 10 in Necromancy
    39 | D        | Reached skill level 10 in Poison Magic
    39 | D        | Killed a destroyer
    40 | D        | Reached skill level 10 in Short Blades
    40 | D        | Reached skill level 10 in Long Blades
    40 | D        | Reached skill level 10 in Staves
    40 | D        | Reached skill level 10 in Ranged Weapons
    40 | D        | Reached skill level 10 in Shields
    40 | D        | Reached skill level 10 in Summonings
    40 | D        | Reached skill level 10 in Translocations
    40 | D        | Reached skill level 10 in Transmutations
    40 | D        | Reached skill level 10 in Evocations
    41 | D        | Noticed a destroyer
    42 | D        | Reached XP level 23. HP: 240/240 MP: 7/53
    42 | D        | Noticed a destroyer
    43 | D        | Noticed a destroyer
    43 | D        | Killed a destroyer
    44 | D        | Reached skill level 10 in Conjurations
    44 | D        | Reached skill level 10 in Hexes
    44 | D        | Reached skill level 10 in Fire Magic
    44 | D        | Reached skill level 10 in Air Magic
    44 | D        | Killed a destroyer
    46 | D        | Killed a destroyer
    47 | D        | Reached skill level 15 in Ice Magic
    47 | D        | Reached skill level 15 in Earth Magic
    50 | D        | Reached XP level 24. HP: 249/249 MP: 9/53
    54 | D        | Reached skill level 15 in Poison Magic
    54 | D        | Noticed a destroyer
    54 | D        | Noticed a destroyer
    55 | D        | Killed a destroyer
    56 | D        | Reached skill level 15 in Necromancy
    56 | D        | Noticed a destroyer
    56 | D        | Noticed a tyrant
    56 | D        | Noticed a tyrant
    57 | D        | Noticed a destroyer
    58 | D        | Noticed a tyrant
    58 | D        | Noticed an accursed
    59 | D        | Reached skill level 15 in Short Blades
    59 | D        | Reached skill level 15 in Long Blades
    59 | D        | Reached skill level 15 in Staves
    59 | D        | Reached skill level 15 in Ranged Weapons
    59 | D        | Reached skill level 15 in Throwing
    59 | D        | Reached skill level 15 in Shields
    59 | D        | Reached skill level 15 in Translocations
    59 | D        | Reached skill level 15 in Transmutations
    59 | D        | Reached skill level 15 in Evocations
    59 | D        | Noticed a destroyer
    59 | D        | Noticed an accursed
    59 | D        | Noticed an accursed
    60 | D        | Killed a tyrant
    60 | D        | Killed a destroyer
    60 | D        | Noticed a tyrant
    61 | D        | Reached skill level 15 in Summonings
    61 | D        | Reached XP level 25. HP: 147/257 MP: 12/53
    61 | D        | Killed a tyrant
    62 | D        | Noticed a destroyer
    63 | D        | Noticed a dread
    64 | D        | Reached skill level 15 in Conjurations
    64 | D        | Reached skill level 15 in Hexes
    64 | D        | Reached skill level 15 in Fire Magic
    64 | D        | Reached skill level 15 in Air Magic
    66 | D        | HP: 3/257 [destroyer/+9 heavy great sword (203)]
    66 | D        | Annihilated by a meat berserker

Illustrated notes

Levels and vault maps discovered:
D:        meatsprint

Skill      XL: |  1  2  3  4  5  6  7  8  9 10 11 12 13 14 15 16 17 18 19 20 21 22 23 24 25 |
---------------+----------------------------------------------------------------------------+-----
Fighting       | 13 18 19 20 23 25 27 | 27.0
Axes           | 11 15 16 17 20 21 25 27 | 27.0
Armour         | 10 15 16 17 20 21 25 27 | 27.0
Dodging        | 11 15 16 17 20 21 25 27 | 27.0
Invocations    | 12 18 19 20 23 25 27 | 27.0
Stealth        | 12 27 | 27.0
Unarmed Combat | 11 25 27 | 27.0
Spellcasting   | 9 20 25 27 | 27.0
Short Blades   | 6 10 13 15 17 | 17.1
Long Blades    | 6 10 13 15 17 | 17.2
Staves         | 6 10 13 15 17 | 17.1
Ranged Weapons | 6 10 13 15 17 | 17.1
Throwing       | 7 10 13 15 17 | 17.2
Shields        | 6 10 13 15 17 | 17.1
Conjurations   | 6 9 12 14 15 | 15.7
Hexes          | 6 9 12 14 15 | 15.7
Summonings     | 6 10 13 15 17 | 17.0
Necromancy     | 7 11 14 17 18 | 18.5
Translocations | 6 10 13 15 17 | 17.1
Transmutations | 6 10 13 15 17 | 17.1
Fire Magic     | 6 9 12 14 15 | 15.8
Ice Magic      | 8 12 15 18 20 | 20.1
Air Magic      | 6 9 12 14 15 | 15.8
Earth Magic    | 8 12 15 18 19 | 19.9
Poison Magic   | 7 11 14 17 18 | 18.6
Evocations     | 6 10 13 15 17 | 17.1

Action                     |  1- 3 |  4- 6 |  7- 9 | 10-12 | 13-15 | 16-18 | 19-21 | 22-24 | 25-27 || total
---------------------------+-------+-------+-------+-------+-------+-------+-------+-------+-------++-------
  Melee: Executioner's axe |     1 |       |       |     1 |     4 |     8 |     7 |    14 |     4 ||    39
 Invoke: Greater Servant o |       |       |       |       |       |     2 |       |       |     1 ||     3
 Armour: Leather armour    |       |       |       |       |       |       |       |       |     1 ||     1
  Dodge: Dodged            |       |       |       |     1 |       |       |       |     1 |       ||     2
